 Dungeon Crawl Stone Soup version 0.20-b1 (webtiles) character file.

72508 theElss the Peltast (level 15, -3/132 HPs)
             Began as a Minotaur Berserker on May 19, 2017.
             Was the Champion of Trog.
             Killed from afar by a tengu reaver (11 damage)
             ... with a bolt of poison
             ... on level 14 of the Dungeon.
             The game lasted 01:16:59 (23049 turns).

theElss the Peltast (Minotaur Berserker)           Turns: 23049, Time: 01:17:02

Health: -3/132     AC: 19    Str: 26    XL:     15   Next: 1%
Magic:  6/6        EV:  8    Int:  5    God:    Trog [******]
Gold:   1693       SH: 22    Dex: 11    Spells: 14/14 levels left

rFire    . . .     SeeInvis .   z - +6 morningstar (antimagic)
rCold    + . .     Gourm    .   H - +0 large shield
rNeg     . . .     Faith    .   p - +0 plate armour
rPois    .         Spirit   .   (helmet restricted)
rElec    .         Reflect  .   (no cloak)
rCorr    .         Harm     .   h - +0 pair of gloves
MR       ++...                  W - +0 pair of boots
Stlth    ..........             K - amulet of magic regeneration
Regen    0.4/turn               U - ring of protection from magic
MPRegen  0.2/turn               Y - ring of protection from cold

@: lethally poisoned (-3 -> -29)
A: retaliatory headbutt, horns 2
a: Berserk, Trog's Hand, Brothers in Arms, Burn Spellbooks, Renounce Religion


You were on level 14 of the Dungeon.
You worshipped Trog.
Trog was exalted by your worship.
You were not hungry.

You visited 2 branches of the dungeon, and saw 20 of its levels.

You collected 1693 gold pieces.

Inventory:

Hand Weapons
 d - a +0 whip of venom
 z - a +6 antimagic morningstar (weapon)
Armour
 h - a +0 pair of gloves (worn)
 p - a +0 plate armour (worn)
 H - a +0 large shield (worn)
 W - a +0 pair of boots (worn)
Jewellery
 n - an uncursed ring of see invisible
 K - an amulet of magic regeneration (around neck)
 Q - an uncursed ring of positive energy
 U - a ring of protection from magic (left hand)
 Y - a ring of protection from cold (right hand)
Wands
 e - a wand of iceblast (6/15)
 y - a wand of scattershot (5/9)
 B - a wand of flame (19/48)
 S - a wand of disintegration (13/24)
 X - a wand of polymorph (11/24)
Scrolls
 f - 2 scrolls of magic mapping
 g - 5 scrolls of blinking
 j - a scroll of immolation {unknown}
 o - 9 scrolls of remove curse
 t - a scroll of silence {unknown}
 A - a scroll of acquirement {unknown}
 D - 5 scrolls of teleportation
 F - a scroll of recharging {unknown}
 G - 3 scrolls of noise {unknown}
 L - 3 scrolls of torment {unknown}
 M - 5 scrolls of fear
 R - a scroll of brand weapon {unknown}
 T - a scroll of enchant weapon {unknown}
Potions
 a - 5 potions of might
 b - 3 potions of heal wounds {unknown}
 i - 3 potions of agility {unknown}
 l - 5 potions of flight {unknown}
 q - 3 potions of curing {unknown}
 s - 4 potions of haste
 v - 2 potions of brilliance {unknown}
 w - a potion of resistance {unknown}
 x - 5 potions of mutation {unknown}
 C - a potion of berserk rage {unknown}
 E - 5 potions of invisibility {unknown}
 I - 3 potions of magic {unknown}
 N - a potion of experience {unknown}
 O - a potion of cancellation {unknown}
Comestibles
 c - 14 bread rations
 k - 23 royal jellies
 m - 11 meat rations
 r - 34 fruits
 u - 7 chunks of flesh


   Skills:
 + Level 12.1 Fighting
 + Level 15.9 Maces & Flails
 * Level 13.5 Armour
 - Level 4.8 Dodging
 - Level 1.1 Stealth
 + Level 17.7 Shields
 * Level 6.3 Evocations


You had 14 spell levels left.
You didn't know any spells.

Dungeon Overview and Level Annotations

Branches:
Dungeon (14/15)            Temple (0/1) D:4            Lair (6/6) D:9
 Shoals (0/4) Lair:3        Snake (0/4) Lair:3        Slime (0/5) Lair:5
    Orc (0/2) D:10         Vaults (0/5) D:13

Altars:
Dithmenos
Fedhas
Gozag
Hepliaklqana
Kikubaaqudgha
Okawaru
Ru
Uskayaw
Vehumet
Xom
Jiyva

Shops:
D:6 *


Innate Abilities, Weirdness & Mutations

You reflexively headbutt those who attack you in melee.
You have a pair of horns on your head.


Message History

A deep troll earth mage and a tengu reaver come into view.
You hit the tengu reaver but do no damage.
The tengu reaver is severely wounded.
The tengu reaver points at you and mumbles some strange words.
The bolt of acid hits you!
You are splashed with acid!
The acid burns!
You closely miss the tengu reaver.
The tengu reaver is severely wounded.
You feel sick. The tengu reaver casts a spell at you.
The bolt of acid hits you!
* * * LOW HITPOINT WARNING * * *
You are splashed with acid!
The acid burns!
* * * LOW HITPOINT WARNING * * *
Your shield and plate armour prevent you from hitting the tengu reaver.
The tengu reaver is severely wounded.
You feel sick. The tengu reaver casts a spell at you.
The bolt of poison hits you!
You are lethally poisoned!
You die...

...................####.
.................#....
.............†.#....
#.>.####+##...#....
#...#.....#...#....
#...#.....#...#....
#####...#.....#........
#......................
#..###@#####+#####+###.
#..#?..Q.####.###...##.
....#####*#/#D#.#.###.#.
....+.....'.#.#.+#.$.#+.
###.#.#####Q#.#$#.###.#.
#.#....)##.#####...##.
..###+#####T#####+###
#..### ..##).W


You could see 2 tengu reavers, a phantasmal warrior, a deep troll earth mage, an
acid dragon and a battlesphere.

Vanquished Creatures
  A fire dragon (Lair:6)
  9 hydras
  2 dancing weapons (D:13)
  A tengu warrior (D:13)
  4 two-headed ogres
  3 death yaks
  The ghost of NormalPerson7 the Cleaver, a novice DDNe of Makhleb (D:7)
  5 skeletal warriors
  Pikel (D:9)
  2 lindwurms (Lair:6)
  A phantasmal warrior (D:11)
  A deep elf mage (D:13)
  An oklob plant (Lair:6)
  5 ugly things (D:14)
  17 elephants
  2 cyclopes
  3 centaur zombies
  3 black mambas (Lair:6)
  5 centaur skeletons
  5 torpor snails (Lair:6)
  An efreet (D:13)
  5 spiny frogs
  A rime drake (shapeshifter) (D:14)
  3 rime drakes
  6 komodo dragons
  A tengu conjurer (D:13)
  4 polar bears
  3 tyrant leeches (Lair:6)
  7 hornets (Lair:6)
  3 meliai (Lair:6)
  3 trolls
  Grinder (D:3)
  11 slime creatures
  10 hippogriffs
  19 dream sheep
  14 blink frogs
  Sigmund (D:3)
  2 shadows
  5 basilisks
  26 yaks
  A wraith (D:11)
  2 steam dragons
  2 hungry ghosts (D:10)
  3 vampire mosquitoes (D:12)
  A warg (D:10)
  3 nagas (Lair:3)
  13 water moccasins
  3 black bears
  13 porcupines
  An ice beast (D:13)
  7 orc warriors
  2 phantoms
  4 sky beasts
  2 slaves (D:8)
  16 wolves
  5 ogres
  8 centaurs
  The ghost of Agrougrou the Shield-Bearer, an amateur GrFi (D:3)
  24 crocodiles
  4 big kobolds
  11 bullfrogs
  2 wyvern skeletons (D:8)
  A water moccasin zombie (D:8)
  7 scorpions
  34 killer bees
  2 electric eels (Lair:6)
  18 wights
  A howler monkey (D:10)
  6 crimson imps
  A quasit (D:7)
  8 hounds
  7 jellies
  11 orc priests
  Ijyb (D:3)
  17 orc wizards
  7 worker ants
  8 iguanas
  A hound zombie (D:10)
  A hound skeleton (D:4)
  A howler monkey zombie (D:10)
  A worker ant zombie (D:8)
  16 adders
  6 gnolls
  A shadow imp (D:10)
  4 oozes
  2 adder skeletons
  An adder zombie (D:9)
  4 worms
  2 dart slugs
  11 leopard geckos
  63 orcs
  7 giant cockroaches
  13 goblins
  3 hobgoblins
  4 jackals
  9 kobolds
  5 quokkas
  A ball python (D:4)
  8 bats
  12 frilled lizards
  A jackal skeleton (D:8)
  2 leopard gecko skeletons (D:4)
  5 rats
639 creatures vanquished.

Vanquished Creatures (collateral kills)
  A queen bee (Lair:6)
1 creature vanquished.

Vanquished Creatures (others)
  2 slaves (D:9)
  7 fungi
  18 plants
27 creatures vanquished.

Grand Total: 667 creatures vanquished

Notes
Turn   | Place    | Note
-------+----------+-------------------------------------------
     0 | D:1      | theElss the Minotaur Berserker began the quest for the Orb.
     0 | D:1      | Reached XP level 1. HP: 19/19 MP: 0/0
   247 | D:1      | Reached XP level 2. HP: 27/27 MP: 1/1
   843 | D:2      | Reached XP level 3. HP: 30/34 MP: 2/2
   943 | D:2      | Reached ** piety under Trog
  1011 | D:2      | Found a radiant altar of Vehumet.
  1182 | D:2      | Found a hide-covered altar of Uskayaw.
  1338 | D:2      | Reached XP level 4. HP: 41/41 MP: 3/3
  1454 | D:2      | Reached skill level 5 in Fighting
  1848 | D:3      | Noticed Agrougrou's ghost (amateur GrFi)
  1852 | D:3      | Killed Agrougrou's ghost
  1852 | D:3      | Reached skill level 5 in Maces & Flails
  1852 | D:3      | Reached XP level 5. HP: 48/48 MP: 4/4
  1893 | D:3      | Found a shadowy altar of Dithmenos.
  1893 | D:3      | Found a sacrificial altar of Ru.
  1893 | D:3      | Found an iron altar of Okawaru.
  1894 | D:3      | Found a blossoming altar of Fedhas.
  1928 | D:3      | Noticed Ijyb
  1936 | D:3      | Killed Ijyb
  1954 | D:3      | Noticed Grinder
  1954 | D:3      | Paralysed by Grinder for 5 turns
  1970 | D:3      | Killed Grinder
  1970 | D:3      | Reached XP level 6. HP: 56/56 MP: 5/5
  2142 | D:3      | Noticed Sigmund
  2143 | D:3      | Found a sacrificial altar of Ru.
  2154 | D:3      | Killed Sigmund
  2154 | D:3      | Reached XP level 7. HP: 62/62 MP: 6/6
  2269 | D:3      | Reached *** piety under Trog
  2273 | D:3      | Reached skill level 5 in Armour
  3168 | D:4      | Found a staircase to the Ecumenical Temple.
  3410 | D:5      | Entered Level 5 of the Dungeon
  3421 | D:5      | Received a gift from Trog
  3538 | D:5      | Reached XP level 8. HP: 56/71 MP: 7/7
  3592 | D:5      | Reached skill level 1 in Stealth
  3845 | D:5      | Found an ancient bone altar of Kikubaaqudgha.
  4314 | D:6      | Found Gozag's Platinum Reserve.
  4318 | D:6      | Found an opulent altar of Gozag.
  5142 | D:6      | Reached XP level 9. HP: 64/79 MP: 8/8
  5160 | D:6      | Reached skill level 10 in Maces & Flails
  5382 | D:7      | Reached **** piety under Trog
  5388 | D:7      | Noticed NormalPerson7's ghost (novice DDNe)
  5409 | D:7      | Killed NormalPerson7's ghost
  5430 | D:7      | Found a shimmering altar of Xom.
  5936 | D:7      | Noticed a two-headed ogre
  5943 | D:7      | Killed a two-headed ogre
  6034 | D:7      | Reached XP level 10. HP: 79/91 MP: 9/9
  6634 | D:8      | Reached skill level 10 in Armour
  6787 | D:8      | Noticed a three-headed hydra
  6793 | D:8      | Killed a three-headed hydra
  7297 | D:9      | Reached ***** piety under Trog
  7390 | D:9      | Found a hazy altar of Hepliaklqana.
  7574 | D:9      | Reached skill level 1 in Shields
  7590 | D:9      | Noticed a two-headed ogre
  7594 | D:9      | Noticed an elephant
  7663 | D:9      | Reached skill level 2 in Shields
  7735 | D:9      | Reached skill level 3 in Shields
  7799 | D:9      | Noticed Pikel
  7816 | D:8      | Killed an elephant
  7816 | D:8      | Reached skill level 4 in Shields
  7886 | D:9      | Killed Pikel
  7886 | D:9      | Reached skill level 5 in Shields
  7886 | D:9      | Reached XP level 11. HP: 94/97 MP: 10/10
  7942 | D:9      | Found a staircase to the Lair.
  8027 | D:9      | Received a gift from Trog
  8113 | D:9      | Reached skill level 6 in Shields
  8338 | D:9      | Killed a two-headed ogre
  8338 | D:9      | Reached skill level 7 in Shields
  8418 | D:10     | Entered Level 10 of the Dungeon
  8580 | D:10     | Reached skill level 8 in Shields
  8649 | D:10     | Noticed a two-headed ogre
  8665 | D:10     | Killed a two-headed ogre
  8665 | D:10     | Reached skill level 9 in Shields
  9062 | D:10     | Found a staircase to the Orcish Mines.
  9166 | D:10     | Reached skill level 10 in Shields
  9529 | D:11     | Noticed a skeletal warrior
  9530 | D:11     | Noticed a skeletal warrior
  9531 | D:11     | Noticed a skeletal warrior
  9845 | D:10     | Killed a skeletal warrior
  9845 | D:10     | Received a gift from Trog
  9845 | D:10     | Reached skill level 11 in Shields
  9937 | D:11     | Noticed a skeletal warrior
  9939 | D:11     | Noticed a skeletal warrior
  9964 | D:11     | Killed a skeletal warrior
  9985 | D:11     | Killed a skeletal warrior
  9985 | D:11     | Reached skill level 12 in Shields
 10072 | D:11     | Killed a skeletal warrior
 10254 | D:11     | Noticed a phantasmal warrior
 10271 | D:11     | Killed a phantasmal warrior
 10649 | Lair:1   | Entered Level 1 of the Lair of Beasts
 10681 | D:9      | Reached XP level 12. HP: 104/105 MP: 11/11
 10692 | D:9      | Reached skill level 13 in Shields
 11707 | Lair:2   | Noticed a seven-headed hydra
 11717 | Lair:2   | Killed a seven-headed hydra
 11717 | Lair:2   | Reached skill level 14 in Shields
 12181 | Lair:3   | Found a staircase to the Snake Pit.
 12422 | Lair:3   | Found a staircase to the Shoals.
 12624 | Lair:3   | Noticed a six-headed hydra
 12635 | Lair:3   | Killed a six-headed hydra
 12635 | Lair:3   | Reached skill level 15 in Shields
 13390 | Lair:4   | Received a gift from Trog
 13413 | Lair:4   | Reached skill level 1 in Evocations
 13425 | Lair:4   | Reached skill level 10 in Fighting
 14110 | Lair:4   | Noticed a five-headed hydra
 14117 | Lair:4   | Killed a five-headed hydra
 14117 | Lair:4   | Reached XP level 13. HP: 101/113 MP: 13/13
 14915 | Lair:4   | Received a gift from Trog
 15373 | Lair:5   | Found a staircase to the Slime Pits.
 15538 | Lair:5   | Reached skill level 16 in Shields
 16182 | Lair:6   | Entered Level 6 of the Lair of Beasts
 16289 | Lair:6   | Found a shadowy altar of Dithmenos.
 18219 | Lair:6   | Found a runed door.
 18251 | Lair:6   | Paralysed by a hornet for 2 turns
 18261 | Lair:6   | Reached XP level 14. HP: 114/124 MP: 5/16
 19248 | Lair:6   | Reached skill level 17 in Shields
 19379 | Lair:6   | Paralysed by a hornet for 2 turns
 19392 | Lair:6   | Reached skill level 15 in Maces & Flails
 19392 | Lair:6   | Reached skill level 5 in Evocations
 19649 | Lair:6   | Received a gift from Trog
 20928 | D:12     | Received a gift from Trog
 20996 | D:12     | Found a viscous altar of Jiyva.
 21498 | D:12     | Reached ****** piety under Trog
 21803 | D:13     | Found a gate to the Vaults.
 22742 | D:14     | Received a gift from Trog
 22893 | D:14     | Reached XP level 15. HP: 89/132 MP: 6/18
 23028 | D:14     | Noticed a tengu reaver
 23047 | D:14     | Noticed a tengu reaver
 23049 | D:14     | Killed from afar by a tengu reaver

Skill      XL: |  1  2  3  4  5  6  7  8  9 10 11 12 13 14 |
---------------+-------------------------------------------+-----
Fighting       | 4 5 6 7 9 10 11 12 | 12.1
Maces & Flails | 4 5 6 7 8 9 11 12 13 14 15 | 15.9
Armour         | 3 4 5 7 9 10 11 12 13 | 13.5
Dodging        | 3 4 |  4.8
Stealth        | 1 |  1.1
Shields        | 5 12 15 16 17 | 17.7
Evocations     | 1 4 6 |  6.3

Action                   |  1- 3 |  4- 6 |  7- 9 | 10-12 | 13-15 || total
-------------------------+-------+-------+-------+-------+-------++-------
Melee: Mace              |    71 |    52 |   284 |  1304 |    91 ||  1802
       Headbutt          |     4 |    13 |    51 |   270 |   255 ||   593
       Morningstar       |       |       |       |       |   972 ||   972
Invok: Berserk           |       |     4 |     7 |    11 |     9 ||    31
       Trog's Hand       |       |     1 |       |     1 |     1 ||     3
       Brothers in Arms  |       |       |       |       |     1 ||     1
  Use: Scroll            |       |       |     6 |     4 |     3 ||    13
       Potion            |       |       |       |     1 |       ||     1
  Eat: Chunk             |     1 |     4 |    19 |    37 |    39 ||   100
       Royal jelly       |       |     1 |       |     1 |       ||     2
       Fruit             |       |       |       |     1 |       ||     1
Armor: Animal skin       |     2 |       |       |       |       ||     2
       Ring mail         |    33 |    17 |    33 |       |       ||    83
       Plate armour      |       |       |   166 |   416 |   368 ||   950
Dodge: Dodged            |    41 |    28 |   118 |   194 |   183 ||   564
Block: Large shield      |       |       |       |   833 |  1009 ||  1842
